 Dungeon Crawl Stone Soup version 0.28.0-43-g3370ac3207 (webtiles) character file.

Game seed: 7324462846321059014

57103 experimilk the Warrior (level 14, -3/136 HPs)
             Began as a Minotaur Berserker on Mar 11, 2022.
             Was a High Priest of Trog.
             Killed by divine providence
             ... invoked by Saint Roka
              (12 damage)
             ... on level 2 of the Orcish Mines on Mar 12, 2022.
             The game lasted 01:31:26 (24854 turns).

experimilk the Warrior (Minotaur Berserker)        Turns: 24854, Time: 01:31:26

Health: -3/136     AC: 22    Str: 33    XL:     14   Next: 44%
Magic:  0/13       EV: 13    Int:  6    God:    Trog [*****.]
Gold:   1392       SH:  0    Dex:  9    Spells: 13/13 levels left

rFire   + + .      SeeInvis .   a - +10 lance "Wyrmbane" {slay drac, rPois rF+ rC+ AC+3}
rCold   + . .      Faith    .   (no shield)
rNeg    . . .      Spirit   +   t - +4 ring mail "Ofizai" {rElec}
rPois   +          Reflect  .   (helmet restricted)
rElec   +          Harm     .   C - +1 cloak
rCorr   .          Rampage  .   (no gloves)
Will    +....      Clarity  +   B - +2 pair of boots
Stlth   ..........              R - amulet of guardian spirit
HPRegen 0.32/turn               X - ring of protection from fire
MPRegen 0.13/turn               N - ring "Kaddahu" {rPois Str+3}

@: no status effects
A: horns 2, retaliatory headbutt, iridescent scales 1, clarity, clever 1, strong
1
a: Renounce Religion, Berserk, Trog's Hand, Brothers in Arms


You were on level 2 of the Orcish Mines.
You worshipped Trog.
Trog was extremely pleased with you.
You visited 3 branches of the dungeon, and saw 19 of its levels.
You also visited: Gauntlet and Volcano.

You collected 2029 gold pieces.
You spent 637 gold pieces at shops.

Inventory:

Hand Weapons
 a - the +10 lance "Wyrmbane" (weapon) {slay drac, rPois rF+ rC+ AC+3}
   (You took it off Maggie on level 6 of the Dungeon)

   It inflicts extra damage against dragons and draconians.
   AC:        It affects your AC (+3).
   rF:        It protects you from fire.
   rC:        It protects you from cold.
   rPois:     It protects you from poison.
 b - a +3 hand crossbow of venom
Missiles
 m - 145 bolts
Armour
 o - an orb of light
 p - a +1 ring mail of cold resistance
 t - the +4 ring mail "Ofizai" (worn) {rElec}
   (You found it on level 5 of the Dungeon)

   rElec:     It insulates you from electricity.
 z - a +2 buckler of protection
 B - a +2 pair of boots (worn)
 C - a +1 cloak (worn)
 L - a scarf of repulsion
 P - the +0 cloak of Incorporation {-Cast rPois rF- rC+++}
   (You found it in a Gauntlet)

   rF:        It makes you vulnerable to fire.
   rC:        It renders you almost immune to cold.
   rPois:     It protects you from poison.
   -Cast:     It prevents spellcasting.
 Y - a +2 chain mail of fire resistance
Jewellery
 l - a ring of see invisible
 H - a ring of protection from cold
 J - a ring of protection from cold
 K - a +4 ring of protection
 N - the ring "Kaddahu" (right hand) {rPois Str+3}
   (You found it in a Gauntlet)

   [ring of poison resistance]

   Str:       It affects your strength (+3).
   rPois:     It protects you from poison.
 R - an amulet of guardian spirit (around neck)
 X - a ring of protection from fire (left hand)
Wands
 c - a wand of flame (13)
 k - a wand of charming (5)
 n - a wand of digging (7)
 r - a wand of mindburst (4)
 v - a wand of paralysis (4)
 E - a wand of iceblast (2)
 I - a wand of acid (2)
 S - a wand of polymorph (11)
Scrolls
 e - 17 scrolls of teleportation
 f - 9 scrolls of vulnerability
 h - 3 scrolls of magic mapping
 j - a scroll of fear
 q - 6 scrolls of fog
 w - a scroll of silence
 y - 4 scrolls of identify
 D - 2 scrolls of enchant armour
 G - a scroll of holy word
 O - 2 scrolls of blinking
Potions
 d - 3 potions of invisibility
 g - 2 potions of berserk rage
 i - 18 potions of heal wounds
 s - 2 potions of flight
 u - 9 potions of curing
 x - 2 potions of resistance
 A - 5 potions of haste
 F - a potion of ambrosia
 M - a potion of attraction
 Q - 2 potions of magic {unknown}
 V - a potion of cancellation
 W - a potion of lignification
Miscellaneous
 T - a lightning rod (4/4)
 U - a phantom mirror
 Z - a tin of tremorstones (inert)


   Skills:
 + Level 15.7 Fighting
 - Level 12.0 Polearms
 - Level 6.0 Bows
 * Level 6.3 Crossbows
 - Level 12.0 Armour
 - Level 6.0 Dodging
 + Level 10.2 Shields
 + Level 11.6 Evocations


You had 13 spell levels left.
You didn't know any spells.
Your spell library was empty.

Dungeon Overview and Level Annotations

Branches:
Dungeon (11/15)            Temple (0/1) D:7            Lair (6/6) D:11
 Shoals (0/4) Lair:3       Spider (0/4) Lair:4        Slime (0/5) Lair:5
    Orc (2/2) D:11            Elf (0/3) Orc:2       Volcano (visited)
Gauntlet (visited)

Altars:
Kikubaaqudgha
Beogh
Lugonu

Shops:
D:4 [   D:6 !   D:8 :   D:10 !=(:

Portals:
Abyss: Lair:6

Annotations:
Orc:2 Saint Roka


Innate Abilities, Weirdness & Mutations

You have a pair of horns on your head.
You reflexively headbutt those who attack you in melee.
You are partially covered in iridescent scales. (AC +2)
You possess an exceptional clarity of mind.
Your mind is acute. (Int +2)
Your muscles are strong. (Str +2)


Message History

You kill the orc!
Trog accepts your kill. Something hits you!!
Unknown command.
You start removing your armour.
You continue taking off your +2 buckler of protection.
Something hits you!
Keep disrobing?
You continue taking off your +2 buckler of protection.
You hear something call down the wrath of Beogh upon you.
Beogh smites you! The orc hits you with a +0 mace!
You continue taking off your +2 buckler of protection.
You hear something call down the wrath of Beogh upon you.
Beogh smites you!
* * * LOW HITPOINT WARNING * * *
You continue taking off your +2 buckler of protection.
The orc priest no longer looks unusually strong.
The orc priest calls down the wrath of Beogh upon you.
You hear something invoke the aid of Beogh against you.
Beogh smites you!
* * * LOW HITPOINT WARNING * * *
You block the orc's attack.
You finish taking off your +2 buckler of protection.
You feel less protected.
Read: 2 scrolls of fear
Press: ? - help, Q - select action, (/) - cycle Dir - look around, f - activate Look: an orc, wielding a +0 mace (strong, chance to affect: 99%)
As you read the scroll of fear, it crumbles to dust.
You assume a fearsome visage.
The orc looks frightened!
The orc priest looks frightened!
You hear something call down the wrath of Beogh upon you.
Beogh smites you!
* * * LOW HITPOINT WARNING * * *
The orc priest goes into a battle-frenzy!
You hear something mumble some strange prayers to Beogh against you.
Beogh smites you!
* * * LOW HITPOINT WARNING * * *
You hear something mumble some strange prayers to Beogh against you.
Beogh smites you!
You die...

.......#.# ....
........####........###..((.
...))...............#...)))>
...))..........#.......).).#
...#).........###......))..#
.###).........#.##.....)..#.
..#..............##...))....
...#.))..).........)..).....
...#.........^..@..........#
.............).....)..#.....
.........####.)...#..## ...
.....<..## #....##### .
###..#### #.##.## ##.# #..
##.. #.# ##. ### ... ## #.#


There were no monsters in sight!

Vanquished Creatures
  An orc warlord (Orc:1)
  A stone giant (Volcano)
  A minotaur (Gauntlet)
  A fire dragon (Lair:3)
  4 hydras
  A boulder beetle (D:11)
  A two-headed ogre (D:11)
  3 thrashing horrors (Lair:6)
  A wretched star (Gauntlet)
  A lindwurm (Lair:5)
  An orc knight (D:11)
  2 ugly things (D:11)
  2 cyclopes
  7 black mambas
  3 smoke demons (Lair:6)
  2 molten gargoyles (Volcano)
  3 kobold demonologists (D:9)
  14 cane toads
  Maggie (D:6)
  An efreet (Volcano)
  A rime drake (Lair:6)
  2 ancient zymes (Lair:6)
  19 komodo dragons
  4 trolls
  A hornet (D:8)
  3 polar bears
  18 blink frogs
  4 dream sheep (Lair:6)
  A dream sheep (shapeshifter) (Lair:6)
  A shadow (D:11)
  A snapping turtle (Lair:3)
  A wraith (D:8)
  61 yaks
  2 spriggans (Lair:6)
  2 wyverns
  2 ynoxinuls (Lair:6)
  2 fire bats (Volcano)
  A human (shapeshifter) (Gauntlet)
  5 basilisks
  A neqoxec (Gauntlet)
  4 redbacks (Lair:4)
  3 fire elementals (Volcano)
  2 vampire mosquitoes
  A chaos spawn (Lair:6)
  Edmund (D:5)
  2 wargs
  3 large abominations (Lair:6)
  2 hell hounds (Lair:3)
  11 water moccasins
  An ice beast (D:4)
  A black bear (D:6)
  8 ogres
  19 orc warriors
  10 wolves
  2 centaurs
  6 kobold brigands
  14 bullfrogs
  9 small abominations
  A gnoll sergeant (D:11)
  An earth elemental (Volcano)
  2 scorpions
  2 water moccasin skeletons
  14 killer bees
  5 electric eels
  5 wights (D:8)
  A howler monkey (D:6)
  4 centaur zombies
  6 lava snakes (Volcano)
  2 hounds
  2 jellies
  2 gnoll shamans (D:6)
  9 orc priests
  A bullfrog skeleton (D:5)
  2 centaur skeletons (D:7)
  Terence (D:2)
  15 iguanas
  14 orc wizards
  10 gnolls
  11 adders
  A worm (D:3)
  3 dart slugs
  76 orcs
  7 endoplasms
  3 giant cockroaches
  7 goblins
  4 hobgoblins
  5 jackals
  2 quokkas (D:1)
  7 ball pythons
  4 bats
  18 frilled lizards
  17 kobolds
  6 rats
552 creatures vanquished.

Vanquished Creatures (collateral kills)
  A komodo dragon (Lair:5)
  4 blink frogs (Lair:3)
  3 small abominations (Lair:6)
  2 yaks (Lair:1)
  3 basilisks
  An orc priest (Orc:2)
  A gnoll (D:11)
  An orc (Orc:2)
16 creatures vanquished.

Vanquished Creatures (others)
  6 yaks
  A gnoll (D:11)
  4 demonic plants (Gauntlet)
  18 fungi
  62 plants
91 creatures vanquished.

Grand Total: 659 creatures vanquished

Notes
Turn   | Place    | Note
-------+----------+-------------------------------------------
     0 | D:1      | experimilk the Minotaur Berserker began the quest for the
                  | Orb.
     0 | D:1      | Reached XP level 1. HP: 19/19 MP: 0/0
   240 | D:1      | Reached XP level 2. HP: 26/26 MP: 1/1
   489 | D:1      | Found a faded altar of an unknown god.
   558 | D:1      | Reached skill level 5 in Polearms
   809 | D:2      | Reached XP level 3. HP: 16/31 MP: 2/2
   811 | D:2      | Reached ** piety under Trog
  1205 | D:2      | Noticed Terence
  1216 | D:2      | Killed Terence
  1246 | D:2      | Reached XP level 4. HP: 40/40 MP: 3/3
  1813 | D:3      | Reached skill level 4 in Fighting
  1813 | D:3      | Reached XP level 5. HP: 35/46 MP: 4/4
  2884 | D:4      | Noticed an ice beast
  2891 | D:4      | Killed an ice beast
  2892 | D:4      | Reached XP level 6. HP: 53/53 MP: 5/5
  2931 | D:4      | Found Kugheanu's Antique Armour Boutique.
  3414 | D:5      | Entered Level 5 of the Dungeon
  3806 | D:5      | Identified the +0 robe of Kuruis {+Inv rN+}
  3809 | D:5      | Identified the +4 ring mail "Ofizai" {rElec}
  4009 | D:5      | Reached skill level 5 in Fighting
  4126 | D:5      | Noticed Edmund
  4133 | D:5      | Killed Edmund
  4134 | D:5      | Reached XP level 7. HP: 61/61 MP: 6/6
  4806 | D:6      | Reached skill level 5 in Armour
  4878 | D:6      | Reached skill level 6 in Fighting
  5042 | D:6      | Noticed Maggie
  5051 | D:6      | Killed Maggie
  5052 | D:6      | Reached skill level 1 in Evocations
  5052 | D:6      | Reached XP level 8. HP: 70/70 MP: 7/7
  5209 | D:6      | Found Ceuv's Distillery.
  5929 | D:6      | Noticed a troll
  5938 | D:6      | Killed a troll
  5939 | D:6      | Reached skill level 10 in Polearms
  6325 | D:4      | Bought a glowing buckler for 180 gold pieces
  6468 | D:7      | Noticed a troll
  6475 | D:7      | Killed a troll
  6476 | D:7      | Reached skill level 7 in Fighting
  6476 | D:7      | Reached XP level 9. HP: 79/79 MP: 8/8
  6864 | D:7      | Found a staircase to the Ecumenical Temple.
  7810 | D:8      | Found Seimezey's Book Shoppe.
  7887 | D:8      | Reached skill level 8 in Fighting
  7961 | D:8      | Reached *** piety under Trog
  8123 | D:8      | Reached XP level 10. HP: 69/90 MP: 9/9
  8508 | D:8      | Reached skill level 9 in Fighting
  8512 | D:8      | Reached skill level 5 in Evocations
  8736 | D:8      | Reached skill level 1 in Shields
  9530 | D:9      | Found an ancient bone altar of Kikubaaqudgha.
  9753 | D:9      | Reached XP level 11. HP: 99/99 MP: 10/10
 10055 | D:9      | Reached **** piety under Trog
 10215 | D:10     | Entered Level 10 of the Dungeon
 10215 | D:10     | Found Peenar's Jewellery Shoppe.
 10230 | D:10     | Reached skill level 10 in Fighting
 10230 | D:10     | Reached skill level 5 in Dodging
 10325 | D:10     | Found Fuan Buw's Distillery.
 10353 | D:10     | Bought a potion of haste for 140 gold pieces
 10353 | D:10     | Bought a potion of attraction for 42 gold pieces
 10528 | D:10     | Found Fueriuletz's Antique Weapon Shoppe.
 10612 | D:10     | Found Otweag's Book Shoppe.
 10847 | D:11     | Noticed a two-headed ogre
 10847 | D:11     | Found a gate leading to a gauntlet.
 10854 | D:11     | Noticed a boulder beetle
 10855 | D:11     | Killed a two-headed ogre
 10994 | D:11     | Killed a boulder beetle
 11003 | Gauntlet | Entered a Gauntlet
 11003 | Gauntlet | Found a transporter.
 11010 | Gauntlet | Found a transporter.
 11012 | Gauntlet | Found a transporter.
 11021 | Gauntlet | Found a transporter.
 11023 | Gauntlet | Found a transporter.
 11066 | Gauntlet | Found a transporter.
 11070 | Gauntlet | Found a runed translucent door.
 11070 | Gauntlet | Found a runed translucent door.
 11071 | Gauntlet | Noticed a fire crab
 11080 | Gauntlet | Found a transporter.
 11082 | Gauntlet | Found a transporter.
 11084 | Gauntlet | Noticed a sixfirhy
 11089 | Gauntlet | Noticed a wretched star
 11092 | Gauntlet | Found a transporter.
 11105 | Gauntlet | Noticed a sixfirhy
 11108 | Gauntlet | Found a transporter.
 11115 | Gauntlet | Noticed a wretched star
 11117 | Gauntlet | Found a runed translucent door.
 11118 | Gauntlet | Found a transporter.
 11119 | Gauntlet | Found a runed translucent door.
 11127 | Gauntlet | Noticed a dire elephant
 11128 | Gauntlet | Found a transporter.
 11262 | Gauntlet | Identified the ring "Kaddahu" {rPois Str+3}
 11327 | Gauntlet | Reached skill level 11 in Fighting
 11336 | Gauntlet | Found a transporter.
 11379 | Gauntlet | Killed a wretched star
 11380 | Gauntlet | Gained mutation: Your body sometimes deteriorates upon
                  | taking damage. [a neqoxec]
 11387 | Gauntlet | Identified the +0 cloak of Incorporation {-Cast rPois rF-
                  | rC+++}
 11394 | Gauntlet | Lost mutation: Your body sometimes deteriorates upon taking
                  | damage. [potion of mutation]
 11394 | Gauntlet | Gained mutation: Your muscles are strong. (Str +2) [potion
                  | of mutation]
 11394 | Gauntlet | Gained mutation: Your mind is acute. (Int +2) [potion of
                  | mutation]
 11394 | Gauntlet | Gained mutation: You possess an exceptional clarity of
                  | mind. [potion of mutation]
 11394 | Gauntlet | Gained mutation: You are partially covered in iridescent
                  | scales. (AC +2) [potion of mutation]
 11428 | Gauntlet | Noticed a minotaur
 11437 | Gauntlet | Killed a minotaur
 11438 | Gauntlet | Reached skill level 12 in Fighting
 11438 | Gauntlet | Reached skill level 1 in Bows
 11702 | D:11     | Noticed a red ugly thing
 11723 | D:11     | Killed a red ugly thing
 11763 | D:11     | Noticed a white ugly thing
 12041 | D:11     | Noticed an orc knight
 12061 | D:11     | Reached XP level 12. HP: 112/112 MP: 11/11
 12579 | D:11     | Found a staircase to the Orcish Mines.
 12904 | D:11     | Found a staircase to the Lair.
 13039 | Lair:1   | Entered Level 1 of the Lair of Beasts
 13086 | Lair:1   | Reached skill level 5 in Bows
 13096 | Lair:1   | Reached skill level 5 in Shields
 13280 | Lair:1   | Reached skill level 10 in Armour
 13810 | Lair:2   | Noticed a six-headed hydra
 13816 | Lair:2   | Killed a six-headed hydra
 13817 | Lair:2   | Reached skill level 13 in Fighting
 14348 | Lair:2   | Reached ***** piety under Trog
 15371 | D:10     | Bought a ring of protection from fire for 275 gold pieces
 15606 | Lair:3   | Found a dark tunnel.
 15617 | Volcano  | Entered a volcano
 15982 | Volcano  | Found a bloodstained altar of Trog.
 16000 | Volcano  | Noticed a stone giant
 16014 | Volcano  | Killed a stone giant
 16015 | Volcano  | Reached skill level 14 in Fighting
 16015 | Volcano  | Reached XP level 13. HP: 118/124 MP: 12/12
 16812 | Lair:3   | You fall into a shaft and drop 1 floor!
 16991 | Lair:3   | Identified the +2 ring mail of an ossuary {Harm Fly Int+4}
 17671 | Lair:3   | Found a staircase to the Shoals.
 17694 | Lair:3   | Identified the +9 great sword of Astryeq {antimagic, rC+
                  | Str+4} (Trog gifted it to you on level 3 of the Lair of
                  | Beasts)
 17694 | Lair:3   | Received a gift from Trog
 17918 | Lair:3   | Noticed a fire dragon
 17932 | Lair:3   | Killed a fire dragon
 18224 | Lair:4   | Reached skill level 15 in Fighting
 18240 | Lair:4   | Reached skill level 10 in Evocations
 18634 | Lair:4   | Found a hole to the Spider Nest.
 19659 | Lair:5   | Found a staircase to the Slime Pits.
 20313 | Lair:5   | Found the +8 autumn katana {vorpal, manifold assault}
 20322 | Lair:5   | Reached skill level 1 in Crossbows
 21184 | Lair:6   | Entered Level 6 of the Lair of Beasts
 21668 | Lair:6   | Reached XP level 14. HP: 125/135 MP: 11/13
 22214 | Lair:6   | Reached skill level 5 in Crossbows
 22460 | Lair:6   | Found a corrupted altar of Lugonu.
 22460 | Lair:6   | Found a one-way gate to the infinite horrors of the Abyss.
 23357 | Orc:1    | Entered Level 1 of the Orcish Mines
 23360 | Orc:1    | Noticed an orc warlord
 23383 | Orc:1    | Reached skill level 10 in Shields
 23396 | Orc:1    | Killed an orc warlord
 24442 | Orc:2    | Entered Level 2 of the Orcish Mines
 24819 | Orc:2    | Found a staircase to the Elven Halls.
 24827 | Orc:2    | Noticed Saint Roka
 24854 | Orc:2    | Killed from afar by Saint Roka

Illustrated notes

Levels and vault maps discovered:
D:1:      mrwooster_arrival_arrow, layout_rooms, ebering_ecumenical_altar_rust,
          serial_corexii_hall, chequers_hall_statues_y, corexii_hall_statues_x,
          corexii_hall_statues_l, corexii_hall_statues_i
D:2:      layout_basic, uniq_terence
D:3:      layout_loops_ring, grunt_decor_resistance, minmay_crystal_water
D:4:      layout_basic, serial_shops, nicolae_inconvenience_store
D:5:      layout_loops_ring, uniq_edmund
D:6:      layout_basic, serial_shops, shop, uniq_maggie
D:7:      layout_basic, minmay_temple_entry_large_hall
D:8:      layout_loops_ring, serial_shops, nicolae_shop_stone, kennysheep_boxes
D:9:      layout_basic, marbit_many_paths, st_stairs_8,
          hangedman_decor_slide_cut, minivault_1
D:10:     layout_rooms, serial_shops, nicolae_shop_waterfront, shop, shop, shop,
          minmay_misc_feat_alley, minmay_misc_feat_chi
D:11:     layout_cave_pools, david_lair_shrubbed, david_orc_5,
          gauntlet_entry_generic
Lair:1:   layout_concentric_octagons
Lair:2:   lemuel_reptile_caves, layout_cave_pods, st_stairs_6,
          chequers_serial_rivers_small_3, chequers_serial_rivers_micro_d,
          infiniplex_staircase_pool
Lair:3:   dragon1_lemuel, layout_regular_city, minmay_shoals_entry_hut,
          enter_volcano_3
Lair:4:   layout_loops_ring, spider_nest_entry_webs, grunt_megastairs_3,
          serial_bayou_shore_b, serial_bayou_shore_b
Lair:5:   layout_layer_cave, nicolae_slime_entry_slimehenge,
          serial_bayou_lagoon_a, beast_lair_carwin_2, serial_bayou_shore_a,
          grunt_megastairs_2
Lair:6:   hellmonk_lair_end_abyssal_woods, layout_hall_layers,
          serial_bayou_shore_b
Orc:1:    layout_diamond_mine
Orc:2:    st_orc_open, layout_diamond_mine, dreamdust_deal_with_the_devil,
          hangedman_minor_magic, uniq_nessos, uniq_saint_roka

Skill      XL: |  1  2  3  4  5  6  7  8  9 10 11 12 13 14 |
---------------+-------------------------------------------+-----
Polearms       | 4 5 6 7 8 9 10 12 | 12.0
Fighting       | 4 5 6 7 8 9 12 14 15 | 15.7
Armour         | 3 4 6 7 8 9 11 12 | 12.0
Dodging        | 3 4 6 |  6.0
Evocations     | 1 2 4 7 9 11 | 11.6
Shields        | 3 4 7 9 10 | 10.2
Bows           | 3 6 |  6.0
Crossbows      | 3 6 |  6.3

Action                   |  1- 3 |  4- 6 |  7- 9 | 10-12 | 13-15 || total
-------------------------+-------+-------+-------+-------+-------++-------
Melee: Spear             |    81 |    61 |       |       |       ||   142
       Headbutt          |     9 |    23 |    24 |   107 |    83 ||   246
       Punch             |     2 |       |       |       |       ||     2
       Trident           |       |    51 |    46 |       |       ||    97
       Lance             |       |       |   175 |   628 |   524 ||  1327
 Fire: Hand crossbow     |       |       |       |       |    58 ||    58
Throw: Throwing net      |       |       |     1 |       |       ||     1
       Javelin           |       |       |       |     3 |       ||     3
Invok: Trog's Hand       |     1 |     2 |     5 |     2 |     1 ||    11
       Berserk           |       |       |     2 |     8 |     5 ||    15
       Brothers in Arms  |       |       |       |       |     4 ||     4
Evoke: Wand              |       |       |       |    23 |    32 ||    55
       Lightning rod     |       |       |       |     3 |       ||     3
       Tin of tremorston |       |       |       |       |     2 ||     2
  Use: Potion            |     1 |       |       |     1 |       ||     2
       Scroll            |       |     5 |     8 |    13 |     8 ||    34
 Stab: Paralysed         |       |       |       |       |     4 ||     4
       Distracted        |       |       |       |       |     1 ||     1
Armor: Animal skin       |     9 |       |       |       |       ||     9
       Skin              |     7 |       |       |       |       ||     7
       Ring mail         |     3 |    24 |    53 |   140 |   183 ||   403
Dodge: Dodged            |    30 |    44 |    63 |   152 |   136 ||   425
Block: Buckler           |       |       |     8 |    91 |   109 ||   208
